 Dungeon Crawl Stone Soup version 0.29.0-13-gc9e81de378 (webtiles) character file.

Game seed: 2839261804963411212

743 Persephone the Basher (level 7, -1/90 HPs)
             Began as a Minotaur Berserker on Sept 7, 2022.
             Was a Priest of Trog.
             Slain by a yak (13 damage)
             ... on level 5 of the Dungeon.
             The game lasted 00:06:55 (3570 turns).

Persephone the Basher (Minotaur Berserker)          Turns: 3570, Time: 00:06:56

Health: -1/90      AC: 11    Str: 23    XL:     7   Next: 47%
Magic:  6/6        EV: 10    Int:  4    God:    Trog [***...]
Gold:   138        SH:  0    Dex:  5    Spells: 6/6 levels left

rFire   . . .      SeeInvis .   a - +0 mace
rCold   + + .      Faith    .   (no shield)
rNeg    . . .      Spirit   .   p - +3 scale mail {Will+}
rPois   +          Reflect  .   (helmet restricted)
rElec   .          Harm     .   (no cloak)
rCorr   .          Rampage  .   s - +0 pair of gloves of the Manifold Ears {rPois rC++ Dex-5}
Will    +++..                   (no boots)
Stlth   ..........              (no amulet)
HPRegen 1.25/turn               (no ring)
MPRegen 0.10/turn               (no ring)

@: berserking, strong-willed, regenerating, very quick
A: horns 2, retaliatory headbutt
a: Renounce Religion, Berserk, Trog's Hand


You were on level 5 of the Dungeon.
You worshipped Trog.
Trog was most pleased with you.
You visited 1 branch of the dungeon, and saw 5 of its levels.

You collected 138 gold pieces.

Inventory:

Hand Weapons
 a - a +0 mace (weapon)
Armour
 f - a +2 pair of gloves
 p - a +3 scale mail of willpower (worn)
 s - the +0 pair of gloves of the Manifold Ears (worn) {rPois rC++ Dex-5}
   (You found it on level 4 of the Dungeon)

   Dex:       It affects your dexterity (-5).
   rC:        It greatly protects you from cold.
   rPois:     It protects you from poison.
Jewellery
 b - a ring of magical power
Wands
 n - a wand of charming (12)
 q - a wand of mindburst (8)
Scrolls
 d - a scroll of enchant weapon {unknown}
 e - 6 scrolls of identify {unknown}
 g - 2 scrolls of poison {unknown}
 j - a scroll of enchant armour {unknown}
 k - a scroll of magic mapping {unknown}
 l - a scroll of vulnerability {unknown}
 m - a scroll of silence {unknown}
 r - a scroll of teleportation {unknown}
Potions
 c - a potion of might
 h - a potion of degeneration {unknown}
 i - 3 potions of cancellation {unknown}
 o - 2 potions of curing {unknown}
 t - 2 potions of heal wounds {unknown}
 u - a potion of lignification {unknown}


   Skills:
 - Level 4.4 Fighting
 + Level 9.5 Maces & Flails
 - Level 3.5 Armour
 - Level 3.2 Dodging


You had 6 spell levels left.
You didn't know any spells.
Your spell library was empty.

Dungeon Overview and Level Annotations

Branches:
Dungeon (5/15)
 Temple: D:4-7

Altars:
Okawaru

Annotations:
D:5 Menkaure


Innate Abilities, Weirdness & Mutations

You have a pair of horns on your head.
You reflexively headbutt those who attack you in melee.


Message History

Menkaure shouts!
Your headbutt misses the yak.
The yak is heavily wounded.
Menkaure calls on the powers of darkness!
The yak convulses! x3; Your body is wracked with pain!
You are too injured to fight recklessly!
You are too injured to fight recklessly!
You are too injured to fight recklessly!
You are too injured to fight recklessly!
You closely miss the yak.
The yak is severely wounded.
The yak gores you but does no damage. x2; The yak gores you!
You barely miss the yak. You headbutt the yak!
The yak is almost dead.
The yak closely misses you. The yak barely misses you.
The yak gores you but does no damage.
You hit the yak but do no damage.
The yak is almost dead.
You barely miss the yak.
The yak is almost dead.
The yak gores you. The yak gores you but does no damage.
The yak barely misses you.
You barely miss the yak.
The yak is almost dead.
You sock the yak!
You kill the yak!
Trog accepts your kill. The yak barely misses you. The yak gores you!
* * * LOW HITPOINT WARNING * * *
The yak snorts and paws the ground.
The yak gores you but does no damage.
There is a stone staircase leading up here.
You barely miss the yak. Your headbutt misses the yak.
The yak is heavily wounded.
You thump the yak! Your headbutt misses the yak.
The yak is severely wounded.
The yak gores you!
* * * LOW HITPOINT WARNING * * *
The yak gores you!
You die...

#..............#
#..............#
#..............#
#.............#
#.............#
#......M......#
##....#....####
#......†Y..#
.#####.Y@.##
###........#
...........
.............
...............
...............
...............
...............


You could see 2 yaks and Menkaure.

Vanquished Creatures
  Sigmund (D:4)
  A yak (D:5)
  A scorpion (D:3)
  2 orc priests (D:4)
  A jelly (D:4)
  Terence (D:2)
  An iguana (D:4)
  8 gnolls (D:2)
  8 adders
  An ufetubus (D:4)
  A worm (D:3)
  6 dart slugs
  7 orcs (D:4)
  2 endoplasms
  3 giant cockroaches
  6 goblins
  6 hobgoblins
  14 jackals
  2 quokkas (D:1)
  6 ball pythons
  5 bats (D:1)
  6 frilled lizards
  9 kobolds
  5 rats
103 creatures vanquished.

Notes
Turn   | Place    | Note
-------+----------+-------------------------------------------
     0 | D:1      | Persephone the Minotaur Berserker began the quest for the
                  | Orb.
     0 | D:1      | Reached XP level 1. HP: 19/19 MP: 0/0
   124 | D:1      | Reached XP level 2. HP: 23/27 MP: 1/1
   292 | D:1      | Found a faded altar of an unknown god.
   458 | D:1      | Reached skill level 4 in Maces & Flails
   619 | D:1      | Reached XP level 3. HP: 33/33 MP: 2/2
   620 | D:1      | Reached ** piety under Trog
  1072 | D:2      | Reached XP level 4. HP: 40/40 MP: 3/3
  1148 | D:2      | Noticed Terence
  1155 | D:2      | Killed Terence
  1461 | D:2      | Reached skill level 5 in Maces & Flails
  1488 | D:2      | Reached XP level 5. HP: 40/47 MP: 4/4
  1701 | D:2      | Found an iron altar of Okawaru.
  1840 | D:3      | You fall into a shaft and drop 1 floor!
  2021 | D:3      | Reached skill level 6 in Maces & Flails
  2204 | D:3      | Reached XP level 6. HP: 15/53 MP: 5/5
  2756 | D:4      | Noticed Sigmund
  2764 | D:4      | Reached skill level 7 in Maces & Flails
  2776 | D:4      | Killed Sigmund
  2777 | D:4      | Reached skill level 8 in Maces & Flails
  2777 | D:4      | Reached XP level 7. HP: 30/60 MP: 6/6
  2791 | D:4      | Reached *** piety under Trog
  2816 | D:4      | Identified the +0 pair of gloves of the Manifold Ears
                  | {rPois rC++ Dex-5}
  3412 | D:4      | Reached skill level 9 in Maces & Flails
  3548 | D:5      | Entered Level 5 of the Dungeon
  3551 | D:5      | Noticed a yak
  3552 | D:5      | Noticed a yak
  3552 | D:5      | Noticed a yak
  3560 | D:5      | Noticed Menkaure
  3567 | D:5      | Killed a yak
  3570 | D:5      | Slain by a yak

Illustrated notes

Levels and vault maps discovered:
D:1:      minmay_arrival_radiant_lines, layout_rooms,
          hellmonk_ecumenical_altar_inner_sanctum
D:2:      layout_loops_ring, basic_altar, uniq_terence
D:3:      layout_basic
D:4:      layout_loops_cross, minmay_ruptured, uniq_sigmund
D:5:      layout_cave_pods, lemuel_temple_firewalk_b, uniq_edmund,
          uniq_menkaure, uniq_prince_ribbit1

Skill      XL: |  1  2  3  4  5  6  7 |
---------------+----------------------+-----
Fighting       | 4 |  4.4
Maces & Flails | 4 5 6 8 9 |  9.5
Armour         | 3 |  3.5
Dodging        | 3 |  3.2

Action                   |  1- 3 |  4- 6 |  7- 9 || total
-------------------------+-------+-------+-------++-------
Melee: Mace              |    75 |   113 |    46 ||   234
       Headbutt          |    10 |    16 |     8 ||    34
       Punch             |       |     2 |     1 ||     3
Invok: Trog's Hand       |     1 |     1 |     1 ||     3
       Berserk           |       |     3 |     1 ||     4
Armor: Animal skin       |    10 |       |       ||    10
       Scale mail        |    21 |    45 |    25 ||    91
Dodge: Dodged            |    65 |    57 |    26 ||   148
